Unix NetHack Version 5.0.0-0 post-release - last build May 31 2026 23:59:36 (970b52f25bf058293b47ddfd14a1e40e571c508c,branch:main).

Game began 2026-06-06 14:33:39, ended 2026-06-06 14:51:05.

Jobair, lawful female dwarven Archeologist

                      ------------
                      |..........|
                      |..........|
                      |..........+
                     #-..........|
                  ####|..........|
                ###   -----.------
               ##          #
               #         ###
               #         #
    --------   #       ###
    |)!(?]%+   #       #
    |)(?[%!(.  #       #
    |?+[%[?(.|##       #
    |?[(%]%?@@#       -.---
    ----------        |...|
                      |....
                      |.<.|
                      -----

Jobair the Field Worker    St:13 Dx:9 Co:13 In:16 Wi:14 Ch:13  Lawful
Dlvl:5  $:75 HP:32(32) Pw:12(12) AC:9  Xp:4 T:2990 

Latest messages:
 In what direction? 6
 The knife hits the floating eye.
 You lash the iguana.
 The iguana bites!
 You kill the iguana!
 You kill the lichen!
 Welcome to experience level 4.
 With great effort you move the boulder.
 The rabid rat bites!
 You miss the rabid rat.
 The rabid rat bites!
 You lash the rabid rat.
 The rabid rat bites!
 You lash the rabid rat.
 The rabid rat bites!
 You kill the rabid rat!
 You kill the newt!
 You lash the hobbit.
 The hobbit wields a runed dagger!
 You kill the hobbit!
 A - a runed dagger.
 y - a knife.
 You have a little trouble lifting a hobbit corpse.  Continue? [ynq] (q) y
 You have a little trouble lifting B - a hobbit corpse.
 You have trouble lifting a leash.  Continue? [ynq] (q) y
 You have trouble lifting C - a leash.
 You rebalance your load.  Movement is difficult.
 What do you want to eat?
 This hobbit corpse is tough.
 Your movements are only slowed slightly by your load.
 Your movements are now unencumbered.
 You finish eating the hobbit corpse.
 Where do you want to travel to?
 (For instructions type a '?')
 You hear some noises in the distance.
 You descend the stairs.
 You climb up the stairs.
 You descend the stairs.
 You find a hidden door.
 The door opens.
 "Hello, Jobair!  Welcome to Chicoutimi's general store!"
 "Will you please leave your pick-axe outside?"
 Pick a monster, object or location.
 Really quit without saving? [yn] (n) y
 Chicoutimi gratefully inherits all your possessions.
 Do you want to see what you had when you quit? [ynq] (y) y
 Do you want to see your attributes? [ynq] (y) y
 Do you want an account of creatures vanquished? [ynaq] (y) y
 Do you want to see your conduct and achievements? [ynq] (y) y
 Do you want to see the dungeon overview? [ynq] (y) y

Inventory:
 Coins    ('$')
  $ - 75 gold pieces
 Amulets  ('"')
  p - a cursed amulet of change
 Weapons  (')')
  A - a +1 elven dagger
  y - a +0 knife
  a - a +2 bullwhip (weapon in right hand)
 Armor    ('[')
  c - an uncursed +0 fedora (being worn)
  z - an uncursed +0 orcish helm
  b - an uncursed +0 leather jacket (being worn)
 Comestibles  ('%')
  n - an uncursed banana
  d - 5 uncursed food rations
  t - an uncursed tripe ration
 Scrolls  ('?')
  m - an uncursed scroll of enchant weapon
  k - an uncursed scroll of food detection
  i - an uncursed scroll of identify
 Spellbooks  ('+')
  r - an uncursed spellbook of light
 Potions  ('!')
  q - an uncursed potion of sickness
 Tools    ('(')
  h - an empty uncursed sack
  C - an uncursed leash
  e - a +0 pick-axe (alternate weapon; not wielded)
  f - a tinning kit (0:62)
  u - an uncursed towel
 Gems/Stones  ('*')
  o - 2 cursed aquamarine stones
  s - an uncursed worthless piece of yellowish brown glass
  g - an uncursed touchstone

Jobair the Archeologist's attributes:

Background:
 You were a Field Worker, a level 4 female dwarven Archeologist.
 You were lawful, on a mission for Quetzalcoatl
 who was opposed by Camaxtli (neutral) and Huhetotl (chaotic).
 You were right-handed.
 You were in the Dungeons of Doom, on level 5.
 You entered the dungeon 2990 turns ago.
 You had 96 experience points, 64 more were needed to attain level 5.

Basics:
 You had all 32 hit points.
 You had all 12 energy points (spell power).
 Your armor class was 9.
 Your wallet contained 75 zorkmids.
 Autopickup was off.

Final Characteristics:
 Your strength was 13 (limit:18/100).
 Your dexterity was 9 (limit:20).
 Your constitution was 13 (limit:20).
 Your intelligence was 16 (limit:16).
 Your wisdom was 14 (limit:16).
 Your charisma was 13 (limit:16).

Final Status:
 You weren't hungry.
 You were unencumbered.
 You were wielding a whip.
 You had basic skill with whip.

Final Attributes:
 You were piously aligned.
 You had automatic searching.
 You had infravision.
 You were lucky.
 You survived.

Miscellaneous:
 You didn't encounter any bones levels.
 Total elapsed playing time was 17 minutes and 24 seconds.

Major events:
 Turn
    1: Jobair the lawful female dwarven Archeologist entered the dungeon
  745: entered the Gnomish Mines
  902: attained the rank of Field Worker (level 3)
 2990: quit

You didn't know any spells.

Skills:
 Fighting Skills
   bare handed combat [Unskilled]
   two weapon combat  [Unskilled]
   riding             [Unskilled]
 Weapon Skills
   dagger             [Unskilled]
   knife              [Unskilled]
   pick-axe           [Basic]
   short sword        [Unskilled]
   saber              [Unskilled]
   club               [Unskilled]
   quarterstaff       [Unskilled]
   sling              [Unskilled]
   dart               [Unskilled]
   boomerang          [Unskilled]
   whip               [Basic]
   unicorn horn       [Unskilled]
 Spellcasting Skills
   attack spells      [Unskilled]
   healing spells     [Unskilled]
   divination spells  [Unskilled]
   matter spells      [Unskilled]

Voluntary challenges:
 Character rerolling was not enabled.
 You never genocided any monsters.
 You never polymorphed an object.
 You never changed form.
 You used no wishes.
Achievements:
 You entered the Gnomish Mines.
 You attained the rank of Field Worker.
 You entered a shop.

 The Dungeons of Doom: levels 1 to 5
    Level 1:
       A fountain.
    Level 2:
       A fountain.
       Stairs down to The Gnomish Mines.
    Level 3:
       A fountain.
    Level 4:
       An altar to Quetzalcoatl, a fountain.
    Level 5: <- You were here.
       A general store.
 The Gnomish Mines:
    Level 3:


Vanquished creatures:
  a housecat
  a hill orc
  a rabid rat
  a giant bat
  a werejackal
 an iguana
  3 acid blobs
  a gas spore
  a hobbit
  4 manes
  7 giant rats
  a brown mold
  a yellow mold
  a red mold
  3 geckos
  4 jackals
  a kobold
  3 sewer rats
  3 grid bugs
  a bat
  3 lichens
  a kobold zombie
  7 newts
51 creatures vanquished.

No species were genocided or became extinct.

Goodbye Jobair the Archeologist...

You quit in The Dungeons of Doom on dungeon level 5 with 659 points,
and 75 pieces of gold, after 2990 moves.
You were level 4 with a maximum of 32 hit points when you quit.

